 Dungeon Crawl Stone Soup version 0.21.1-1-g345015fe64 (webtiles) character file.

620 Lothor the Cleaver (level 7, -12/57 HPs)
             Began as a Minotaur Fighter on Apr 8, 2018.
             Mangled by Lothor's ghost (14 damage)
             ... on level 4 of the Dungeon.
             The game lasted 00:06:11 (2970 turns).

Lothor the Cleaver (Minotaur Fighter)               Turns: 2970, Time: 00:06:12

Health: -12/57     AC:  8    Str: 24    XL:     7   Next: 22%
Magic:  6/6        EV:  7    Int: 11    God:
Gold:   145        SH:  9    Dex:  9    Spells: 6/6 levels left

rFire    + . .     SeeInvis .   y - +7 falchion of Bloody Death {venom, rPois Str+3 Int+6 Dex-2}
rCold    . . .     Gourm    .   c - +0 shield
rNeg     . . .     Faith    .   b - +0 scale mail
rPois    +         Spirit   .   (helmet restricted)
rElec    .         Reflect  .   (no cloak)
rCorr    .         Harm     .   (no gloves)
MR       +....                  w - +0 pair of boots
Stlth    ..........             (no amulet)
HPRegen  0.19/turn              p - ring of protection from magic
MPRegen  0.10/turn              s - ring of protection from fire

@: no status effects
A: retaliatory headbutt, horns 2
a: no special abilities


You were on level 4 of the Dungeon.
You were not hungry.

You visited 1 branch of the dungeon, and saw 4 of its levels.

You collected 247 gold pieces.
You spent 102 gold pieces at shops.

Inventory:

Hand Weapons
 h - a +3 hand axe of chopping
 y - the +7 falchion of Bloody Death (weapon) {venom, rPois Str+3 Int+6 Dex-2}
   (You found it on level 4 of the Dungeon)

   It poisons the flesh of those it strikes.
   It affects your strength (+3).
   It affects your intelligence (+6).
   It affects your dexterity (-2).
   It protects you from poison.
Armour
 b - a +0 scale mail (worn)
 c - a +0 shield (worn)
 w - a +0 pair of boots (worn)
Jewellery
 p - a ring of protection from magic (left hand)
 s - a ring of protection from fire (right hand)
Wands
 a - a wand of polymorph (13)
 u - a wand of digging (14)
Scrolls
 g - a scroll of identify
 j - 2 scrolls of remove curse {unknown}
 k - a scroll of fear {unknown}
 m - a scroll of teleportation {unknown}
 n - a scroll of random uselessness {unknown}
 o - a scroll of enchant armour {unknown}
 q - a scroll of immolation {unknown}
 r - a scroll of fog {unknown}
Potions
 d - a potion of might
 e - a potion of curing {unknown}
 i - 4 potions of haste {unknown}
 l - 2 potions of heal wounds {unknown}
 t - a potion of resistance {unknown}
 x - a potion of mutation {unknown}
Comestibles
 f - 4 rations
 v - 17 chunks of flesh


   Skills:
 - Level 3.6 Fighting
 + Level 3.4 Long Blades
 - Level 8.9 Axes
 - Level 3.6 Armour
 - Level 3.6 Shields


You had 6 spell levels left.
You didn't know any spells.

Dungeon Overview and Level Annotations

Branches:
Dungeon (4/15)
 Temple: D:4-7

Altars:
Qazlal

Shops:
D:4 *

Annotations:
D:4 Lothor's ghost, amateur MiFi


Innate Abilities, Weirdness & Mutations

You reflexively headbutt those who attack you in melee.
You have a pair of horns on your head.


Message History

Lothor's ghost barely misses you. You furiously retaliate!
You headbutt Lothor's ghost. You completely miss Lothor's ghost.
You headbutt Lothor's ghost.
Lothor's ghost is lightly damaged.
Lothor's ghost hits you!
* * * LOW HITPOINT WARNING * * *
You completely miss Lothor's ghost.
Lothor's ghost is lightly damaged.
Lothor's ghost closely misses you. You furiously retaliate!
You headbutt Lothor's ghost. You hit Lothor's ghost.
Lothor's ghost is moderately damaged.
Lothor's ghost hits you!
* * * LOW HITPOINT WARNING * * *
Lothor's ghost hits you.
* * * LOW HITPOINT WARNING * * *
You hit Lothor's ghost. You headbutt Lothor's ghost!
Lothor's ghost is severely damaged.
Lothor's ghost hits you!
You die...

# .# ### ###.# #. ...
.)..# #.# ###.#
###.###..## ....###
#...#..#######.......
..................# #.
##.....####W#.#.# #.#
##...## #@# ##.# ##.##
#.# #..## #.# #)# #...##
+#.#+ #........#
#....###...###.........#
#........8..........##.#
#....###...###.....#.#
#...## +#.#+ ##...###..
...## #.# ##.## #..


You could see Lothor's ghost.

Vanquished Creatures
  The ghost of Wolfborn the Skirmisher, an amateur DsCK of Xom (D:3)
  An ogre (D:3)
  A scorpion (D:3)
  An orc priest (D:4)
  A gnoll shaman (D:4)
  An orc wizard (D:4)
  Ijyb (D:3)
  3 worker ants
  7 adders
  4 gnolls (D:4)
  An adder skeleton (D:4)
  A dart slug (D:1)
  A leopard gecko (D:1)
  An orc (D:4)
  5 bats
  5 giant cockroaches
  8 goblins
  5 hobgoblins
  4 jackals (D:2)
  9 kobolds
  A quokka (D:3)
  2 frilled lizards
  A jackal skeleton (D:4)
  9 rats
74 creatures vanquished.

Notes
Turn   | Place    | Note
-------+----------+-------------------------------------------
     0 | D:1      | Lothor the Minotaur Fighter began the quest for the Orb.
     0 | D:1      | Reached XP level 1. HP: 19/19 MP: 0/0
   212 | D:1      | Reached skill level 3 in Axes
   319 | D:1      | Reached XP level 2. HP: 26/26 MP: 1/1
   809 | D:2      | Reached skill level 4 in Axes
   809 | D:2      | Reached XP level 3. HP: 31/31 MP: 2/2
  1368 | D:2      | Reached skill level 5 in Axes
  1404 | D:2      | Reached XP level 4. HP: 24/39 MP: 3/3
  1850 | D:3      | Reached skill level 6 in Axes
  1890 | D:3      | Noticed an ogre
  1897 | D:3      | Killed an ogre
  1897 | D:3      | Reached skill level 7 in Axes
  1897 | D:3      | Reached XP level 5. HP: 40/45 MP: 4/4
  2020 | D:3      | Noticed Ijyb
  2030 | D:3      | Killed Ijyb
  2030 | D:3      | Reached XP level 6. HP: 44/51 MP: 5/5
  2230 | D:3      | Noticed Wolfborn's ghost (amateur DsCK)
  2248 | D:3      | Killed Wolfborn's ghost
  2248 | D:3      | Reached skill level 8 in Axes
  2651 | D:4      | Found Onok Omo's Assorted Antiques.
  2655 | D:4      | Bought a glowing hand axe for 102 gold pieces
  2774 | D:4      | Found a stormy altar of Qazlal.
  2775 | D:4      | Noticed an air elemental
  2778 | D:4      | Noticed a fire elemental
  2778 | D:4      | Noticed a water elemental
  2787 | D:4      | Got a twisted falchion
  2788 | D:4      | Identified the +7 falchion of Bloody Death {venom, rPois Str+3 Int+6 Dex-2} (You found it on level 4 of the Dungeon)
  2844 | D:4      | Reached skill level 1 in Long Blades
  2849 | D:4      | Reached XP level 7. HP: 41/57 MP: 6/6
  2965 | D:4      | Noticed Lothor's ghost (amateur MiFi)
  2969 | D:4      | HP: 1/57 [Lothor's ghost (3)]
  2970 | D:4      | Mangled by Lothor's ghost

Skill      XL: |  1  2  3  4  5  6  7 |
---------------+----------------------+-----
Axes           | 3 4 5 7 8 |  8.9
Long Blades    | 1 3 |  3.4
Fighting       | |  3.6
Armour         | |  3.6
Shields        | |  3.6

Action                   |  1- 3 |  4- 6 |  7- 9 || total
-------------------------+-------+-------+-------++-------
Melee: War axe           |    84 |    90 |       ||   174
       Headbutt          |     9 |    19 |     4 ||    32
       Falchion          |       |     7 |    18 ||    25
       Hand axe          |       |     4 |       ||     4
  Use: Scroll            |       |     1 |       ||     1
  Eat: Chunk             |     2 |     4 |     1 ||     7
Armor: Scale mail        |    45 |    41 |     4 ||    90
Dodge: Dodged            |    28 |    24 |     6 ||    58
Block: Shield            |    53 |    50 |     4 ||   107
       Rpst.: Falchion   |       |     2 |     2 ||     4
